[Event "*** MasterClass Titled Tuesday Blitz"]
[Site "Chess.com"]
[Date "2017.11.07"]
[Round "3"]
[White "Incognito_Knight"]
[Black "KamilPlichta"]
[Result "1-0"]
[WhiteElo "2504"]
[BlackElo "2557"]
[TimeControl "180+2"]
[EndTime "14:44:04 PST"]
[Termination "Incognito_Knight won by resignation"]

1. e4 d6 2. d4 Nf6 3. Nc3 g6 4. Bg5 Bg7 5. Qd2 c6 6. O-O-O b5 7. Bh6 O-O 8. Bxg7 Kxg7 9. Bd3 e5 10.
Nce2 Qb6 11. c3 Be6 12. Kb1 a5 13. f4 Bc4 14. Nf3 Nbd7 15. dxe5 dxe5 16. Bxc4 bxc4 17. fxe5 Nxe4 18. Qxd7 Rab8 19. b3 cxb3 20. a3 Rfd8 21. Qe7 Qe3 22. Nfd4 Rxd4 23. Nxd4 Nxc3+ 24. Kb2 Nxd1+ 25. Rxd1 Qf2+ 26. Kc3 Kg8 27. e6 Qe3+ 28. Kc4 fxe6 29.
Qxe6+ Qxe6+ 30. Nxe6 b2 31. Rb1 a4 32. Nc5 Kf7 33. Nxa4 Ra8 34. Kb3 Rb8+ 35. Ka2 Ke6 36.
Rxb2 Rf8 37. Re2+ Kd5 38. Kb2 c5 39. Kc2 c4 40. Nc3+ Kd4 41. a4 Rb8 42. Re4+ Kc5 43. Re5+ Kd4 44. Rd5+ Ke3 45. a5 Rf8 46. Rd2 Ra8 47.
Rd5 Rf8 48. Re5+ Kd4 49. Re6 Rf2+ 50. Re2 Rf5 51. a6 Ra5 52. Re4+ Kc5 53. Re5+ 1-0

[Event "*** MasterClass Titled Tuesday Blitz"]
[Site "Chess.com"]
[Date "2017.11.07"]
[Round "3"]
[White "Summer-Paradise"]
[Black "Jospem"]
[Result "0-1"]
[WhiteElo "2475"]
[BlackElo "2612"]
[TimeControl "180+2"]
[EndTime "14:44:10 PST"]
[Termination "Jospem won by checkmate"]

1. d4 Nf6 2. c4 e6 3. Nf3 c5 4. d5 exd5 5. cxd5 d6 6. Nc3 g6 7. e4 Bg7 8. Bg5 a6 9. Nd2 h6 10. Bh4 b5 11. Qc2 Nbd7 12. a4 b4 13. Nd1 g5 14.
Bg3 Nh5 15. Ne3 Nxg3 16. hxg3 Ne5 17. Be2 O-O 18. Ndc4 Nxc4 19. Nxc4 f5 20. exf5 Bxf5 21. Qd1 Bd4 22. O-O Qf6 23. Bg4 Rad8 24. Bxf5 Qxf5 25. Qh5 Kg7 26. Rae1 Qxd5 27. b3 Rf7 28. Kh2 Rdf8 29. f3 Rd8 30. Re2 Qf5 31. Rfe1 Qg6 32. Qh3 g4 33. fxg4 d5 34. g5 dxc4 35. Re6 Qxg5 36. R1e4 Qc1 37. Re1 Qd2 38. R1e2 Qg5 39. R2e4 h5 40.
Rh4 Bg1+ 41. Kh1 Rd1 42. Rxh5 Bd4+ 43. Kh2 Rh1+ 44. Kxh1 Qc1+ 45. Kh2 Qg1# 0-1

[Event "*** MasterClass Titled Tuesday Blitz"]
[Site "Chess.com"]
[Date "2017.11.07"]
[Round "3"]
[White "chessking2151"]
[Black "GMKrikor"]
[Result "0-1"]
[WhiteElo "2405"]
[BlackElo "2614"]
[TimeControl "180+2"]
[EndTime "14:44:13 PST"]
[Termination "GMKrikor won by resignation"]

1. e4 c5 2. Nf3 d6 3. d4 cxd4 4. Nxd4 Nf6 5. Nc3 a6 6. Be3 e5 7.
Nb3 Be6 8. f3 Be7 9. Qd2 h5 10.
Nd5 Bxd5 11. exd5 Nbd7 12. c4 a5 13. Rd1 a4 14. Na1 e4 15. Nc2 exf3 16. gxf3 Ne5 17. Be2 O-O 18. Qb4 Nfd7 19. Nd4 Bh4+ 20. Kd2 Nc5 21. Rhg1 Bf6 22. Nf5 Re8 23. Rg2 Qd7 24. Nxd6 Na6 25. Qa3 Be7 26. Nxe8 Rxe8 27. c5 Qh3 28.
Rdg1 Bf6 29. Rg3 Qd7 30. d6 Nc6 31. Bh6 g6 32. Bc4 Kh7 33. Qe3 Rxe3 34. Bxe3 Ne5 35. Be2 Nb4 36. a3 Nd5 37. Bd4 Qf5 38. Bxe5 Qxe5 39.
Ke1 Qxb2 40. d7 Qxa3 41. Kf1 Qxc5 42. Bd3 Ne3+ 43. Ke2 Nf5 44. R3g2 Qe3+ 0-1

[Event "*** MasterClass Titled Tuesday Blitz"]
[Site "Chess.com"]
[Date "2017.11.07"]
[Round "3"]
[White "ValeriyGrinev"]
[Black "Hanging_pointer"]
[Result "1-0"]
[WhiteElo "2439"]
[BlackElo "2310"]
[TimeControl "180+2"]
[EndTime "14:44:17 PST"]
[Termination "ValeriyGrinev won by resignation"]

1. d4 Nf6 2. c4 e6 3. Nc3 Bb4 4. e3 O-O 5. Ne2 c6 6. a3 Ba5 7. Qc2 d5 8. Ng3 Nbd7 9. Be2 dxc4 10.
Bxc4 Bc7 11. O-O e5 12. Ba2 exd4 13. exd4 Nb6 14. Bg5 h6 15. Bxf6 Qxf6 16. Rad1 Bg4 17. f3 Be6 18. Nce4 Qg6 19. Bxe6 Qxe6 20. Nc5 Qc8 21.
Nf5 Nd5 22. Rfe1 b6 23. Na4 Qd7 24. Nc3 Rfe8 25. Re4 Nf6 26. Rh4 Bd6 27. Ne4 Nxe4 28. fxe4 Bf8 29. Kh1 Rad8 30. Rf1 Qe6 31. e5 c5 32.
dxc5 bxc5 33. Rhf4 Qxe5 34. h3 Rd7 35. Ng3 Red8 36.
Qc4 Qe8 37. Nh5 Bd6 38. Rg4 Qe5 39. Nf4 Bf8 40. Ng6 Rd4 41. Nxe5 Rxc4 42. Nxc4 1-0

[Event "*** MasterClass Titled Tuesday Blitz"]
[Site "Chess.com"]
[Date "2017.11.07"]
[Round "3"]
[White "Cherone"]
[Black "rpragchess"]
[Result "0-1"]
[WhiteElo "2462"]
[BlackElo "2312"]
[TimeControl "180+2"]
[EndTime "14:44:24 PST"]
[Termination "rpragchess won by resignation"]

1. e4 e5 2. Nf3 Nc6 3. Bc4 Nf6 4. d3 Bc5 5. Nc3 d6 6. Bg5 h5 7.
Nd5 Be6 8. Bxf6 gxf6 9. Nh4 Bg4 10. f3 Be6 11. Qd2 Rb8 12. Ne3 Bxe3 13. Qxe3 f5 14.
Nxf5 Bxf5 15. exf5 Qh4+ 16. Qf2 Qxf2+ 17. Kxf2 Nd4 18.
c3 Nxf5 19. g4 Ne7 20. Rae1 f6 21. f4 hxg4 22. fxe5 fxe5 23. Be6 Ng6 24. d4 Ke7 25. Bxg4 Rbf8+ 26. Ke3 Rf4 27. h3 Kf6 28. dxe5+ dxe5 29. Rhf1 Rd8 30. Rd1 Rd6 31. Rxd6+ cxd6 32. Rd1 Ke7 33.
b3 Nh4 34. Rd2 Rf1 35. Rf2 Re1+ 36. Kd2 Ra1 37. Kd3 Ng6 38. Kc4 Nf4 39. a4 d5+ 40. Kb5 Rb1 41. b4 Rc1 42. Rf3 Kd6 43.
a5 Rc2 44. Ka4 a6 45. Kb3 Rc1 46. Rg3 e4 47. Bc8 Ne2 48. Rg7 Rxc3+ 49. Kb2 Rxc8 50. Rxb7 d4 51. Rb6+ Kd5 52. Rxa6 d3 53. Ra7 Nd4 54. Rd7+ Ke5 55. a6 d2 0-1

[Event "*** MasterClass Titled Tuesday Blitz"]
[Site "Chess.com"]
[Date "2017.11.07"]
[Round "3"]
[White "GameOverBro"]
[Black "nOcHeaTiNgKiD"]
[Result "1-0"]
[WhiteElo "2321"]
[BlackElo "2193"]
[TimeControl "180+2"]
[EndTime "14:44:26 PST"]
[Termination "GameOverBro won by resignation"]

1. e4 c6 2. Nc3 d5 3. Nf3 dxe4 4. Nxe4 Nf6 5. Qe2 Bg4 6. h3 Bxf3 7. Nxf6+ gxf6 8.
Qxf3 Qd5 9. Qb3 Qxb3 10. axb3 Nd7 11. b4 a6 12. b5 cxb5 13. Bxb5 O-O-O 14. Be2 e6 15. c3 f5 16. d4 Bd6 17. Bf3 Rhg8 18. b4 Nb6 19. g3 Kc7 20. h4 f6 21. Be3 Nc4 22. Ke2 Nxe3 23. Kxe3 e5 24. Rhd1 Rge8 25. d5 e4 26. Bh5 Re7 27. Ra4 Be5 28. c4 Red7 29.
Be2 Rd6 30. Ra5 Bc3 31. Rb1 Rb6 32. Ra4 a5 33. Rxa5 Bxb4 34. Raa1 Bd6 35. Rxb6 Kxb6 36. Rb1+ Kc7 37. Rb5 b6 38. g4 Bc5+ 39. Kf4 fxg4 40.
Bxg4 Bxf2 41. Kxe4 Bxh4 42. Be6 Bf2 43. Rb2 Bc5 44.
Ra2 Kb7 45. Kf5 Bd4 46. Rh2 Rh8 47. Bf7 Kc7 48. Ke6 h5 49. d6+ Kc6 50. Bxh5 Be5 51. Bf3+ 1-0

[Event "*** MasterClass Titled Tuesday Blitz"]
[Site "Chess.com"]
[Date "2017.11.07"]
[Round "3"]
[White "Fy_Rakotomaharo"]
[Black "Hikaru"]
[Result "0-1"]
[WhiteElo "2452"]
[BlackElo "2988"]
[TimeControl "180+2"]
[EndTime "14:44:30 PST"]
[Termination "Hikaru won on time"]

1. d4 b6 2. e4 Bb7 3. Nc3 e6 4. Bd3 Bb4 5. Ne2 d5 6. O-O Nf6 7. e5 Nfd7 8. Nf4 g6 9. Qg4 Bxc3 10. bxc3 Qe7 11. a4 c5 12. a5 Nc6 13. axb6 axb6 14.
Be3 c4 15. Be2 O-O-O 16. Qg3 Qe8 17. Rfb1 Ne7 18. Bg4 Bc6 19. Qf3 Kb7 20. Qd1 h5 21.
Be2 Nf5 22. Bc1 Ra8 23. Rxa8 Qxa8 24. Bb2 Qd8 25. Ba3 Qg5 26. Nh3 Qh6 27. Bc1 Qg7 28. Ra1 Ra8 29. Bg5 Qf8 30. Nf4 b5 31. h3 Nb6 32. g4 hxg4 33. hxg4 Ng7 34. Kg2 Na4 35. Qd2 Ne8 36. Rh1 Nc7 37. Qe3 Qa3 38.
Rh7 Qxc3 39. Rxf7 Qxe3 40. fxe3 Kb6 41. Be7 Re8 42. Bc5+ Nxc5 43. dxc5+ Kb7 44. Nxg6 b4 45. Kf2 Ba4 46. Ne7 Bxc2 47. c6+ Kb6 48. Ke1 c3 49. g5 b3 50. Bd1 Bxd1 51. Kxd1 Ra8 52. g6 Ra1+ 53. Ke2 b2 54. g7 b1=Q 55. g8=Q Ra2+ 56.
Kf3 Qf1+ 0-1

[Event "*** MasterClass Titled Tuesday Blitz"]
[Site "Chess.com"]
[Date "2017.11.07"]
[Round "3"]
[White "jncool68"]
[Black "Blitzstream"]
[Result "0-1"]
[WhiteElo "2453"]
[BlackElo "2483"]
[TimeControl "180+2"]
[EndTime "14:44:33 PST"]
[Termination "Blitzstream won by resignation"]

1. e4 d5 2. exd5 Qxd5 3. Nc3 Qa5 4. d4 Nf6 5. Nf3 c6 6. Ne5 Be6 7. Bc4 Bxc4 8. Nxc4 Qa6 9. b3 e6 10. O-O Nbd7 11. Bf4 Nb6 12. Ne3 Qa5 13. Ne2 Nbd5 14. c4 Nxf4 15. Nxf4 Bd6 16. Nd3 Qg5 17. g3 h5 18. f4 Qh6 19. Qe2 O-O-O 20. Ne5 Bxe5 21. dxe5 Ng4 22. Rad1 Rxd1 23. Rxd1 Nxe3 24. Qxe3 h4 25. g4 h3 26. g5 Qh4 27. Qg3 Qh5 28. Rd2 Rd8 29.
Rxd8+ Kxd8 30. Kf2 Kc7 31. Qf3 Qh4+ 32. Ke2 Qh7 33. Qd3 Qh5+ 34. Kf2 Qh4+ 35. Kf3 Qe1 36. Kg4 Qf2 37. Qxh3 Qxa2 38. Qg3 Qe2+ 39. Kh4 a5 40. g6 fxg6 41. Kg5 Qe4 42. Qg4 Qf5+ 43. Qxf5 gxf5 44. h4 b5 45. cxb5 cxb5 46. Kg6 a4 47. bxa4 bxa4 48. Kxg7 a3 49. h5 a2 50. h6 a1=Q 51. h7 Qg1+ 52.
Kh8 Qh2 53. Kg7 Qg3+ 54. Kf7 Qh4 55. Kg7 Qxf4 0-1

[Event "*** MasterClass Titled Tuesday Blitz"]
[Site "Chess.com"]
[Date "2017.11.07"]
[Round "3"]
[White "MagnusCarlsen"]
[Black "Iball95"]
[Result "1-0"]
[WhiteElo "3040"]
[BlackElo "2583"]
[TimeControl "180+2"]
[EndTime "14:44:34 PST"]
[Termination "MagnusCarlsen won by resignation"]

1. e4 c5 2. Nf3 Nc6 3. Bb5 Nf6 4. Bxc6 dxc6 5. d3 Bg4 6. Nbd2 Qc7 7. h3 Bh5 8. a4 e5 9. Nc4 Bd6 10. O-O Nd7 11. Ne3 O-O-O 12. a5 Nf8 13. Nf5 Ne6 14. c3 f6 15. Be3 Bf7 16. Qa4 g6 17. Nh6 g5 18.
Qc4 Rhf8 19. Nxf7 Qxf7 20. b4 cxb4 21. a6 b6 22. Qxc6+ Qc7 23. Qd5 Nf4 24. Bxf4 gxf4 25.
Rfc1 bxc3 26. Qb3 Kb8 27. Rxc3 Bc5 28. Rac1 Ka8 29. Rxc5 bxc5 30. Rxc5 Qb6 31. Qc4 h5 32. Kh2 Qb8 33. Rc7 Rd6 34. d4 Rfd8 35. dxe5 fxe5 36. Rb7 Qc8 37. Qb5 Rxa6 38. Rh7 Rb6 39. Qxe5 Rb7 40.
Rxh5 Rf8 41. Qd4 Qd7 42. Rd5 Qe7 43. e5 Rb4 44. Qd3 Rb7 45. Qe4 Kb8 46. e6 Re8 47.
Nd4 Rb6 48. Rd7 Qc5 49. Qxf4+ Ka8 50. Qe4+ Kb8 51. e7 Qc8 52. Qe5+ Ka8 53. Qd5+ Kb8 54. Rd8 Rxe7 55. Rxc8+ Kxc8 56. Qa8+ Rb8 57. Qc6+ Rc7 58. Qa6+ Kd7 59. Qe6+ 1-0

[Event "*** MasterClass Titled Tuesday Blitz"]
[Site "Chess.com"]
[Date "2017.11.07"]
[Round "3"]
[White "Ilja_Semjonovs"]
[Black "Aygehovit1992"]
[Result "1-0"]
[WhiteElo "2377"]
[BlackElo "2511"]
[TimeControl "180+2"]
[EndTime "14:44:38 PST"]
[Termination "Ilja_Semjonovs won by resignation"]

1. e4 d6 2. d4 Nf6 3. Nc3 g6 4. h4 Bg7 5. Be2 h5 6. Bg5 c6 7. a4 Qc7 8. Qd2 b6 9. Nh3 Nbd7 10. O-O Nf8 11. Nf4 e5 12. dxe5 dxe5 13. Rfd1 exf4 14. Bxf4 Qe7 15. e5 N6h7 16. Ne4 Ne6 17. Nd6+ Kf8 18. Bg3 Kg8 19. c3 Nhf8 20. Bf3 Bd7 21. a5 b5 22.
Nxb5 Bh6 23. Qd6 Qxd6 24. Nxd6 Bf4 25. Bxf4 Nxf4 26. g3 N4e6 27. b4 Rb8 28. Kg2 Nd8 29. a6 Kg7 30. Rd2 Be6 31. Ne8+ Kh6 32. Nf6 Nh7 33. Nd7 Rc8 34. Nc5 Bf5 35. Rad1 Ne6 36. Nxe6 Bxe6 37. Rd6 c5 38. b5 Rc7 39. b6 axb6 40.
Rxb6 Bg4 41. Bxg4 hxg4 42. Rb7 Rxb7 43. axb7 Rb8 44. Rd7 Kg7 45. e6 Nf8 46. Rxf7+ Kg8 47. Rc7 Nh7 48. Rc8+ 1-0

[Event "*** MasterClass Titled Tuesday Blitz"]
[Site "Chess.com"]
[Date "2017.11.07"]
[Round "3"]
[White "twitchTriniCupid"]
[Black "Saitama_Hero"]
[Result "1-0"]
[WhiteElo "2094"]
[BlackElo "2150"]
[TimeControl "180+2"]
[EndTime "14:44:38 PST"]
[Termination "twitchTriniCupid won by resignation"]

1. d4 Nf6 2. c4 g6 3. Nc3 Bg7 4. Bg5 d6 5. e3 O-O 6. Nf3 Nbd7 7. Be2 e5 8. O-O Re8 9. Qc2 c6 10. Rfd1 Qc7 11. Rac1 h6 12. Bh4 g5 13. Bg3 Nh5 14. d5 Nxg3 15. hxg3 a5 16. dxc6 bxc6 17. Qd2 Bf8 18. Ne4 Re6 19. g4 Be7 20. Ng3 Nf6 21. Nh2 Bf8 22. Nf5 Re8 23. Qc2 e4 24. Nf1 Bxf5 25. gxf5 h5 26. f3 Qd7 27. fxe4 Nxe4 28.
Bf3 Nf6 29. Qc3 Re5 30. Qxe5 dxe5 31. Rxd7 Nxd7 32. Bxc6 Ra7 33. Rd1 Nf6 34. e4 Bc5+ 35. Kh2 Ng4+ 36. Kg3 Bd4 37. b3 Nf2 38. Rxd4 Nh1+ 39.
Kh2 exd4 40. Kxh1 Kg7 41. Kg1 Kf6 42. Nd2 g4 43. Kf2 h4 44. Bd5 Kg5 45. c5 Kf4 46. c6 d3 47. Nc4 h3 48. gxh3 g3+ 49. Kg2 a4 50. b4 a3 51. b5 Ra4 52. c7 Rb4 53. c8=Q Rb2+ 54. Nxb2 1-0

[Event "*** MasterClass Titled Tuesday Blitz"]
[Site "Chess.com"]
[Date "2017.11.07"]
[Round "3"]
[White "bugsbunny444"]
[Black "amurdercastle"]
[Result "1-0"]
[WhiteElo "2420"]
[BlackElo "2305"]
[TimeControl "180+2"]
[EndTime "14:44:40 PST"]
[Termination "bugsbunny444 won by checkmate"]

1. Nf3 d5 2. c4 e6 3. g3 Nf6 4.
Bg2 Be7 5. O-O O-O 6. b3 c5 7. e3 Nc6 8. Bb2 b6 9. Nc3 Bb7 10. cxd5 Nxd5 11. Nxd5 Qxd5 12. d4 Rad8 13. Ne5 Qd6 14. Nxc6 Bxc6 15. Qg4 cxd4 16. Bxd4 e5 17. Bxe5 Qxe5 18. Bxc6 Rd2 19. Rad1 Rxa2 20. Rd7 Bc5 21. Bd5 Bd6 22. Qc4 Qf6 23. b4 Rb2 24. b5 Bc5 25. Rxa7 Rd2 26. Rd7 Rb2 27. Bc6 Rd8 28. Qf4 Be7 29.
Qc7 Kf8 30. Rxd8+ Bxd8 31. Qd7 Qe7 32. Qd4 Rb4 33. Qd3 Rb2 34. Qxh7 Qf6 35. Qh8+ Ke7 36.
Qe8+ Kd6 37. Qd7+ Kc5 38. Qd5+ Kb4 39. Qe4+ Kb3 40. Bd5+ Kc3 41. Rc1+ Kd2 42. Rf1 Kc3 43. Qc4+ Kd2 44. Qc1+ Kd3 45. Rd1+ Ke2 46. Re1+ Kd3 47. Qd1+ Kc3 48. Qc1+ Kb4 49. Qc4+ Ka5 50. Ra1+ Ra2 51. Rxa2# 1-0

[Event "*** MasterClass Titled Tuesday Blitz"]
[Site "Chess.com"]
[Date "2017.11.07"]
[Round "3"]
[White "AndrewMcStone"]
[Black "Rhinos1"]
[Result "0-1"]
[WhiteElo "2075"]
[BlackElo "2014"]
[TimeControl "180+2"]
[EndTime "14:44:41 PST"]
[Termination "Rhinos1 won by checkmate"]

1. d4 g6 2. c4 Bg7 3. Nc3 Nf6 4. e4 d6 5. Nge2 c6 6. Ng3 O-O 7. Be2 Nbd7 8. O-O e5 9. d5 a5 10. dxc6 bxc6 11. Qxd6 Bb7 12. Be3 Re8 13. Rfd1 Bf8 14. Qd2 Qc7 15. Na4 Rad8 16. Qc2 Ba6 17. a3 Rb8 18. Rd2 Rb7 19. Rad1 Reb8 20. h3 Rb3 21. c5 Qb7 22. Bxa6 Qxa6 23. Nb6 Rxe3 24.
Nxd7 Nxd7 25. fxe3 Nxc5 26. Rd8 Rxd8 27. Rxd8 Ne6 28. Rd1 Qa7 29. Qd2 Qe7 30. Kh2 Qh4 31. Nf1 Bh6 32. g3 Qh5 33. Re1 Ng5 34. Qg2 Nf3+ 35.
Kh1 Nxe1 36. Qf2 Qxh3+ 37. Kg1 Nd3 38. Qd2 Nc5 39. Qxa5 Nxe4 40. Qa8+ Kg7 41. Qxc6 Nxg3 42. Nd2 Bxe3# 0-1

[Event "*** MasterClass Titled Tuesday Blitz"]
[Site "Chess.com"]
[Date "2017.11.07"]
[Round "3"]
[White "Vamostodorecto"]
[Black "evgenysharapov"]
[Result "1/2-1/2"]
[WhiteElo "2310"]
[BlackElo "2250"]
[TimeControl "180+2"]
[EndTime "14:44:45 PST"]
[Termination "Game drawn - insufficient material"]

1. d4 d5 2. c4 c6 3. Nc3 Nf6 4. Nf3 e6 5. e3 Nbd7 6. Bd3 dxc4 7. Bxc4 b5 8. Bd3 Bb7 9. e4 b4 10. e5 bxc3 11. exf6 cxb2 12. fxg7 Bxg7 13. Bxb2 O-O 14. O-O c5 15. Ne5 Nxe5 16. dxe5 Qd5 17. f3 Rfd8 18.
Be4 Qxd1 19. Rfxd1 Bxe4 20. fxe4 Rab8 21. Bc3 Kf8 22. Kf2 Ke7 23. Kf3 f6 24. exf6+ Bxf6 25. e5 Bg7 26. Rd6 Rd7 27. Rxd7+ Kxd7 28. Rd1+ Ke7 29.
Ke4 Rb6 30. Rd6 Bh6 31. Rd3 Bg7 32. Rd6 Bh6 33. Rd3 Bg7 34. Rh3 h6 35. Rg3 Kf7 36.
Rd3 Ke7 37. Rd6 h5 38. Kd3 Bh6 39. Rxb6 axb6 40. Kc4 Kd7 41. Kb5 Kc7 42. a4 Bf4 43.
g3 Be3 44. a5 bxa5 45. Bxa5+ Kd7 46. Bb6 Bg1 47. Bxc5 Bxh2 48. Bf2 h4 49. gxh4 Bxe5 50.
Kc4 Bg7 51. Kd3 Ke7 52. Ke4 Kf7 53. h5 Bh6 54. Be3 Bxe3 55. Kxe3 Kf6 56. Ke4 Kg5 57. Ke5 Kxh5 58. Kxe6 1/2-1/2

[Event "*** MasterClass Titled Tuesday Blitz"]
[Site "Chess.com"]
[Date "2017.11.07"]
[Round "3"]
[White "Taron_Shagbazyan"]
[Black "chesssharkattack"]
[Result "1-0"]
[WhiteElo "2564"]
[BlackElo "2365"]
[TimeControl "180+2"]
[EndTime "14:44:46 PST"]
[Termination "Taron_Shagbazyan won by resignation"]

1. d4 Nf6 2. c4 d6 3. Nc3 Bf5 4.
g3 e5 5. e3 Nc6 6. Bg2 Be7 7.
Nge2 O-O 8. O-O Re8 9. d5 Na5 10. b3 Bf8 11. e4 Bd7 12. h3 c5 13. dxc6 bxc6 14. g4 Be6 15. Ng3 Qc7 16. Be3 Nd7 17. Rc1 Rad8 18. g5 g6 19. h4 Nc5 20. Qe2 Nab7 21. b4 Nd7 22. b5 Nbc5 23. bxc6 Qxc6 24. Nd5 Bg7 25. h5 Bxd5 26. cxd5 Qa4 27. hxg6 fxg6 28.
f3 Rb8 29. Bh3 Qb5 30. Rc2 Qxe2 31. Nxe2 Red8 32. Rfc1 Rb7 33. Rd1 Na4 34. Nc1 Ndc5 35. Nd3 Bf8 36. Nxc5 Nxc5 37. Kg2 Rb6 38. Kf2 Rdb8 39.
Ke2 Rb2 40. Rxb2 Rxb2+ 41. Rd2 Rb5 42. Rc2 h5 43. gxh6 Kh7 44. Bg4 Be7 45. Bh3 a5 46. Kf2 a4 47. Kg3 Rb4 48. Bg2 Bf8 49. Bf1 Bxh6 50. Rh2 g5 51. Bxg5 Kg6 52. Bxh6 a3 53. Be3 Rb2 54. Bxc5 1-0

[Event "*** MasterClass Titled Tuesday Blitz"]
[Site "Chess.com"]
[Date "2017.11.07"]
[Round "3"]
[White "Krasimir_Rusev"]
[Black "ChainsOfFantasia"]
[Result "0-1"]
[WhiteElo "2570"]
[BlackElo "2499"]
[TimeControl "180+2"]
[EndTime "14:45:00 PST"]
[Termination "ChainsOfFantasia won by resignation"]

1. d4 Nf6 2. Nf3 e6 3. Bf4 d5 4.
e3 c5 5. Nbd2 Nc6 6. c3 Bd6 7.
Bg3 O-O 8. Bb5 Qe7 9. Bxc6 bxc6 10.
Qa4 cxd4 11. cxd4 c5 12. Bxd6 Qxd6 13. Qa3 Nd7 14. Rc1 Rb8 15. dxc5 Qc7 16. O-O a5 17.
Nb3 Ba6 18. Rfd1 Be2 19. Rd2 Bxf3 20. gxf3 Ne5 21. Kg2 Nc4 22. Rxc4 dxc4 23. Qxa5 Qe5 24. Nd4 Ra8 25. Qc3 Rxa2 26. Qxc4 Qg5+ 27. Kh3 Ra1 28. Ne2 Rh1 29. Qf4 Qxc5 30. Kg2 Rb1 31. Ng3 h6 32. h4 Qc1 33. Qd4 e5 34. Qd6 Rxb2 35. Rxb2 Qxb2 36. Nf5 Qb8 37. Ne7+ Kh8 38. Qd5 Qd8 39. Qc5 Re8 40. Nf5 Qf6 41. e4 Kh7 42. Qb5 Re6 43. Qd7 g6 44. Ng3 Kg7 45. h5 Re7 46.
Qd5 Qf4 47. Qd6 Re6 48. Qd7 Rf6 49. Qd3 Qg5 50. Qc3 gxh5 51. Kh3 Kg6 52. Qc8 Rxf3 53. Qg8+ Kf6 54. Qd8+ Kg7 55. Qxg5+ hxg5 56. Kg2 Rxg3+ 0-1

[Event "*** MasterClass Titled Tuesday Blitz"]
[Site "Chess.com"]
[Date "2017.11.07"]
[Round "3"]
[White "AbdAlAgathos"]
[Black "hypert"]
[Result "0-1"]
[WhiteElo "2222"]
[BlackElo "2371"]
[TimeControl "180+2"]
[EndTime "14:45:12 PST"]
[Termination "hypert won by resignation"]

1. e4 c5 2. Nf3 Nc6 3. Bb5 g6 4. Bxc6 bxc6 5. O-O Bg7 6. Re1 Nh6 7. c3 O-O 8. h3 f5 9. e5 d6 10. exd6 exd6 11. d4 cxd4 12. Nxd4 c5 13. Nb5 Nf7 14. Bf4 Be5 15. Bxe5 dxe5 16. N1a3 a6 17. Qxd8 Rxd8 18. Nc7 Ra7 19. Rad1 Rxd1 20. Rxd1 Rxc7 21. Nc4 Be6 22. Nb6 Kf8 23. a4 Ke7 24. a5 Rc6 25. b4 Rd6 26.
Rc1 cxb4 27. cxb4 Rd4 28. Rc7+ Kd6 29. Ra7 Rxb4 30. Rxa6 Rb1+ 31. Kh2 Ra1 32. Na4+ Ke7 33. Nc5 Bc4 34. Ra7+ Kd6 35. Nb7+ Kc6 36. g4 Nd6 37. Nd8+ Kd5 38. Rxh7 fxg4 39. hxg4 Rxa5 40. Rg7 Bd3 41.
Rd7 Ra3 42. Nb7 Kc6 43. Rxd6+ Kxb7 44. Re6 Ra5 45. Kg3 Kc7 46. f4 exf4+ 47. Kxf4 Kd7 48. Rb6 Ke7 49. Rb3 Bc4 50. Rb6 Bf7 51. Rc6 Kf8 52.
Rb6 Kg7 53. g5 Ra4+ 54. Kg3 Kf8 55. Rb7 Rd4 56. Rc7 Be6 57. Kf3 Rd7 58. Rc5 Ke7 59.
Ra5 Bf5 60. Kf4 Ke6 61. Ra6+ Rd6 62. Ra4 Rb6 63. Rc4 Kd5 64. Ra4 Rc6 65. Ra5+ Rc5 66. Ra8 Rc4+ 67. Kf3 Ke5 68. Re8+ Be6 69. Rf8 Rc3+ 70. Kf2 Bf5 71. Rd8 Kf4 72. Rc8 Rxc8 0-1

[Event "*** MasterClass Titled Tuesday Blitz"]
[Site "Chess.com"]
[Date "2017.11.07"]
[Round "3"]
[White "Abdodi"]
[Black "northridgehawk"]
[Result "1-0"]
[WhiteElo "2144"]
[BlackElo "1953"]
[TimeControl "180+2"]
[EndTime "14:45:13 PST"]
[Termination "Abdodi won by resignation"]

1. e4 e5 2. Nf3 Nc6 3. d4 exd4 4.
Nxd4 Nf6 5. Nxc6 bxc6 6. Bd3 d5 7. exd5 cxd5 8. O-O Be7 9. Re1 O-O 10. Bf4 c6 11.
Nd2 Be6 12. Nf3 h6 13. h3 Bc5 14. Ne5 Qb6 15. Rf1 Nd7 16. Qh5 Bd4 17. Nxd7 Bxd7 18. Bd6 Rfe8 19. c3 Bf6 20. Ba3 Rab8 21. Rfe1 Qa5 22.
Rxe8+ Rxe8 23. c4 Qd2 24. Bf1 Bd4 25. Qf3 Re4 26. Rd1 Bxf2+ 27. Kh1 Qf4 28. Qxf4 Rxf4 29. cxd5 cxd5 30. Rxd5 Bg3 31. Kg1 Be6 32. Rd8+ Kh7 33. Bd3+ g6 34. Bd6 Rd4 35. Be7 Rxd8 36. Bxd8 Bxa2 37. Kf1 Be5 38. b4 Bc3 39. b5 Bd4 40.
Ke2 Bd5 41. g4 Kg7 42. h4 f6 43. Bc7 Kf7 44. Bd6 h5 45. gxh5 gxh5 46. Bg3 Be6 47. Be4 Bg4+ 48. Kd3 Ke6 49. Kxd4 f5 50. Bc6 Be2 51.
Bf2 f4 52. Ke4 f3 53. Bxa7 Kf6 54. Bf2 Ke7 55. b6 Ba6 56. b7 1-0

[Event "*** MasterClass Titled Tuesday Blitz"]
[Site "Chess.com"]
[Date "2017.11.07"]
[Round "3"]
[White "Salem-AR"]
[Black "yurisolo"]
[Result "1-0"]
[WhiteElo "2800"]
[BlackElo "2583"]
[TimeControl "180+2"]
[EndTime "14:45:21 PST"]
[Termination "Salem-AR won on time"]

1. d4 Nf6 2. c4 c6 3. Nf3 d5 4.
Nc3 e6 5. Bg5 dxc4 6. e4 b5 7. e5 h6 8. Bh4 g5 9. Bg3 Nh5 10. Be2 Bb7 11. a4 b4 12. Ne4 c5 13.
Nxc5 Bxc5 14. dxc5 Qxd1+ 15. Rxd1 Nd7 16. Bxc4 Nxc5 17.
Nd4 a6 18. a5 Bxg2 19. Rg1 Bb7 20. h4 Ke7 21. Bh2 Nf4 22. Bxf4 gxf4 23. Ke2 Nd7 24.
Bxe6 Nxe5 25. Bb3 Kf6 26. Kf1 Rhg8 27. Rxg8 Rxg8 28. Rc1 Bg2+ 29. Ke2 Re8 30. Rc7 Nf3+ 31.
Kd1 Nxd4 32. Bc4 Bf3+ 33. Kd2 Be2 34. Bd5 Bb5 35. Rxf7+ Kg6 36. Rxf4 Ne6 37. Re4 Nc7 38. Rg4+ Kf5 39. Bf3 Rd8+ 40. Kc1 Ne6 41. Rxb4 Nd4 42.
Bd1 Kf4 43. b3 Ke5 44. Kb2 Kd5 45. Kc3 Kc5 46. Bg4 Rd6 47. f4 Rd8 48. f5 Rd6 49. f6 1-0

[Event "*** MasterClass Titled Tuesday Blitz"]
[Site "Chess.com"]
[Date "2017.11.07"]
[Round "3"]
[White "AkshatChandra"]
[Black "GMHess"]
[Result "1/2-1/2"]
[WhiteElo "2743"]
[BlackElo "2579"]
[TimeControl "180+2"]
[EndTime "14:45:30 PST"]
[Termination "Game drawn by agreement"]

1. d4 Nf6 2. Nf3 e6 3. Bf4 d5 4.
e3 c5 5. c3 Nc6 6. Nbd2 Nh5 7.
Bg5 Be7 8. Bxe7 Qxe7 9. Bb5 Nf6 10. O-O Bd7 11. Re1 O-O 12. Bd3 e5 13. e4 cxd4 14.
cxd4 dxe4 15. Nxe4 Bg4 16. Nxf6+ Qxf6 17. dxe5 Nxe5 18. Rxe5 Bxf3 19. Qe1 Bc6 20. Qc3 g6 21. Rae1 Rad8 22. Bf1 Rd6 23. b4 a6 24. Qc5 Rd2 25.
a3 h6 26. Qe3 Rfd8 27. h3 Rd1 28. Qxh6 Bb5 29. Qe3 Rxe1 30. Qxe1 Bxf1 31. Kxf1 Rd3 32.
Re3 Rxe3 33. Qxe3 Qa1+ 34. Ke2 Qb2+ 35. Kf3 Kg7 36. g4 b5 37. h4 Qc2 38. Kg3 Kh7 39. f3 Qd1 40. h5 gxh5 41. gxh5 Kg8 42. Qe8+ Kg7 43. Qe5+ Kg8 44. Qg5+ Kf8 45. Qc5+ Ke8 46. h6 Qe1+ 47. Kf4 Qh4+ 48. Ke5 Qg5+ 49. Kd4 Qd2+ 50.
Ke4 Qxh6 51. Qc8+ Ke7 52. Qc7+ Kf8 53. Qb8+ Ke7 54. Qb7+ Kf8 55. Kd4 Qd6+ 56. Qd5 Qf4+ 57. Kc5 Qc1+ 58. Kb6 Qxa3 59. Qd8+ Kg7 60. Qg5+ Kf8 61.
Qd8+ Kg7 62. Qg5+ Kf8 1/2-1/2

[Event "*** MasterClass Titled Tuesday Blitz"]
[Site "Chess.com"]
[Date "2017.11.07"]
[Round "3"]
[White "timator"]
[Black "Sanan_Sjugirov"]
[Result "1/2-1/2"]
[WhiteElo "2422"]
[BlackElo "2648"]
[TimeControl "180+2"]
[EndTime "14:45:31 PST"]
[Termination "Game drawn - insufficient material"]

1. Nf3 d5 2. g3 Bg4 3. Bg2 Nd7 4. d4 e6 5. h3 Bh5 6. O-O Ngf6 7. c4 c6 8. Nc3 Be7 9. Ne5 Nxe5 10. dxe5 Nd7 11. cxd5 cxd5 12. f4 f6 13. f5 Nxe5 14. fxe6 O-O 15.
Be3 Nc4 16. Bf2 Nb6 17. g4 Be8 18. Nxd5 Nxd5 19. Qxd5 Bc6 20. Qxd8 Rfxd8 21. Bxc6 bxc6 22. Rad1 Kf8 23. b3 Ke8 24. Be3 Bd6 25. Rd3 Ke7 26.
Rfd1 Kxe6 27. Kg2 a6 28. Bc5 Bc7 29. Kf3 Rd5 30. Rxd5 cxd5 31. Bf2 Be5 32. Rc1 a5 33. Rc6+ Kd7 34. Rc5 Kd6 35. Rb5 a4 36. b4 a3 37.
Bc5+ Kc7 38. Ra5 Rxa5 39. bxa5 Kc6 40. a6 g6 41. Bxa3 Kb6 42. e4 dxe4+ 43. Kxe4 Kxa6 44. Be7 Bb2 45. Kd5 f5 46. gxf5 gxf5 47. Bg5 Kb5 48. Ke6 Ka4 49. Kxf5 Ka3 50. Bf6 Bc1 51. Bg5 Bb2 52.
Ke6 Kxa2 53. Kf7 Kb3 54. Kg8 h5 55. Kh7 Kc4 56. Kg6 Kd5 57. Kxh5 Bc3 58. Kg6 Be1 59.
Kf5 Bf2 60. h4 Bxh4 1/2-1/2